AoeStats
← [DDocs] ☣ Rapidler™ ☣

African Clearing

506672448Analyzed
4v4 RM · 16d ago on Sep 14, 2026· 33m 15s· 8 players
Game mode
Random Map
Map size
Large (8 player)
Population
200
Speed
Normal
Resources
Standard
Victory
Conquest
Starting age
Dark Age
Ending age
Imperial Age
RankedLock teamsTeams togetherTeam positionsShared explorationLock speedFull tech treeHidden civsTurbo modeCheats
Victory
Defeat
🇩🇪 Saracens · Germany
1741
+7
1532
+14
🇩🇪 Vikings · Germany
1502
+14
1473
+16
🇨🇦 Portuguese · Canada
1553
-15
🇪🇨 Dravidians · Ecuador
1552
-15
🇹🇷 Burgundians · Türkiye
1450
-11
🇨🇳 Britons · China
1424
-10
[GER] Paeco
11:25 Loom
13:20 Feudal Age
17:29 Castle Age
16:02 Double-Bit Axe
17:15 Horse Collar
18:40 Bow Saw
21:17 Wheelbarrow
24:00 Heavy Plow
23:52 Gold Mining
32:43 Imperial Age
31:58 Hand Cart
32:51 Fletching
[DDocs] ☣ Rapidler™ ☣
12:13 Feudal Age
16:23 Castle Age
15:54 Double-Bit Axe
18:30 Bloodlines
18:46 Scale Barding Armor
22:57 Loom
24:15 Wheelbarrow
28:29 Chain Barding Armor
29:19 Gold Mining
33:31 Husbandry
[DDocs] Dr.Rollstuhl - Twitch
5:40 Loom
14:06 Feudal Age
18:47 Castle Age
17:52 Double-Bit Axe
17:47 Horse Collar
18:59 Fletching
28:39 Wheelbarrow
30:50 Bow Saw
32:12 Hand Cart
32:00 Pikeman
33:08 Squires
33:09 Scale Mail Armor
[DDocs] Dr.Klappstuhl
7:52 Loom
8:39 Loom
8:49 Loom
11:03 Feudal Age
12:18 Double-Bit Axe
15:46 Fletching
17:04 Padded Archer Armor
24:12 Castle Age
24:24 Horse Collar
24:27 Elite Skirmisher
25:22 Bow Saw
27:44 Heavy Plow
35:52 Imperial Age
33:23 Gold Mining
championqc82
3:33 Loom
13:43 Feudal Age
14:36 Double-Bit Axe
17:10 Fletching
22:55 Padded Archer Armor
26:40 Wheelbarrow
26:50 Horse Collar
[ECU] Tecno>Luis
6:03 Loom
14:27 Feudal Age
18:16 Castle Age
16:29 Fletching
16:25 Double-Bit Axe
18:21 Crossbowman
20:07 Padded Archer Armor
20:35 Bodkin Arrow
26:58 Horse Collar
28:49 Town Watch
33:27 Bow Saw
Sir Dancealot
7:48 Double-Bit Axe
9:54 Loom
13:08 Feudal Age
13:40 Horse Collar
14:30 Bow Saw
19:56 Wheelbarrow
21:39 Scale Barding Armor
21:45 Forging
24:10 Castle Age
22:28 Heavy Plow
24:33 Light Cavalry
26:29 Two-Man Saw
34:22 Imperial Age
Tachibana Kanade
9:56 Loom
12:03 Feudal Age
12:57 Double-Bit Axe
15:55 Fletching
20:18 Padded Archer Armor
23:59 Castle Age
22:15 Padded Archer Armor
23:10 Gold Mining
24:02 Crossbowman
24:38 Bodkin Arrow
28:33 Leather Archer Armor
Connection lost

Rejoining the realm…

Still unreachable

The connection could not be restored.

Session expired

The server has moved on; the page needs a fresh start.